 Dungeon Sprint DCSS version 0.31-a0-675-g238779eb0a (webtiles) character file.

Game seed: 12500375705035078198

5728 fingers the Peltast (level 11, -8/93 HPs)
             Began as a Formicid Fighter on Sept 5, 2023.
             Was the Champion of Wu Jian.
             Shot with an arrow by a deep elf knight (9 damage)
             ... in the Dungeon (Sprint V: "Ziggurat Sprint").
             The game lasted 00:03:36 (727 turns).

fingers the Peltast (Formicid Fighter)               Turns: 727, Time: 00:03:37

Health: -8/93      AC: 38    Str: 32    XL:     11   Next: 5%
Magic:  11/11      EV:  3    Int:  7    God:    Wu Jian [******]
Gold:   0          SH: 32    Dex: 13    Spells: 10/10 levels left

rFire   . . .        z - +9 sword of Power {lifebolt}
rCold   . . .        B - +18 shield of the Gong {Loud rN+ Will+ rCorr EV-5}
rNeg    + . .        A - +15 Maxwell's patent armour {-Cast -Tele rElec Will+ rCorr}
rPois   .            (helmet unavailable)
rElec   +            (no cloak)
rCorr   +            (no gloves)
SInv    +            (no boots)
Will    +++..        (no amulet) Stlth
                     E - ring of the Tortoise {AC+8}
HPRegen 0.35/turn    v - +6 ring of strength
MPRegen 0.12/turn

%: no spellcasting
@: mighty
A: permanent stasis, dig shafts and tunnels, antennae 3, four strong arms
a: Dig, Renounce Religion, Wall Jump, Serpent's Lash, Heavenly Storm


You were in the Dungeon.
You worshipped Wu Jian.
Wu Jian was exalted by your worship.
You visited 1 branch

Inventory:

Hand Weapons
 a - a +0 long sword
 z - the +9 sword of Power (weapon) {lifebolt}
   (You found it in the Dungeon)
Armour
 b - a +0 scale mail
 c - a +0 buckler
 A - the +15 Maxwell's patent armour (worn) {-Cast -Tele rElec Will+ rCorr}
   (You found it in the Dungeon)

   rElec:     It insulates you from electricity.
   Will+:     It increases your willpower.
   -Cast:     It prevents spellcasting.
   -Tele:     It prevents most forms of teleportation.
   rCorr:     It protects you from acid and corrosion.
 B - the +18 shield of the Gong (worn) {Loud rN+ Will+ rCorr EV-5}
   (You found it in the Dungeon)

   Loud:      It is deafeningly noisy when blocking attacks.
   EV-5:      It affects your evasion (-5).
   rN+:       It protects you from negative energy.
   Will+:     It increases your willpower.
   rCorr:     It protects you from acid and corrosion.
Jewellery
 q - a ring of flight
 r - a +6 ring of dexterity
 s - a +6 ring of dexterity
 t - a +6 ring of intelligence
 u - a +6 ring of intelligence
 v - a +6 ring of strength (right hand)
 w - a +6 ring of strength
 D - the ring "Dohawy" {EV+5 Slay+2}
   (You found it in the Dungeon)

   [ring of evasion]

   EV+5:      It affects your evasion (+5).
   Slay+2:    It affects your accuracy & damage with ranged weapons and melee
   (+2).
 E - the ring of the Tortoise (left hand) {AC+8}
   (You found it in the Dungeon)

   [ring of protection]

   AC+8:      It affects your AC (+8).
 F - a +6 ring of dexterity
 I - a ring of fire
 J - a ring of wizardry
 K - a +6 ring of dexterity
 L - a +6 ring of strength
Wands
 x - a wand of mindburst (7)
 y - a wand of quicksilver (7)
 C - a wand of roots (3)
 H - a wand of charming (5)
Scrolls
 h - 4 scrolls of blinking
 m - 4 scrolls of amnesia
 n - 7 scrolls of fog
 o - 5 scrolls of identify
Potions
 d - 5 potions of might
 e - 9 potions of curing
 g - 7 potions of magic
 i - 2 potions of brilliance
 j - 2 potions of invisibility
 k - 3 potions of resistance
 l - a potion of experience
Miscellaneous
 G - a lightning rod (4/4)


   Skills:
 + Level 11.5 Fighting
 + Level 14.8 Long Blades
 + Level 11.9 Armour
 + Level 1.5 Dodging
 + Level 0.9 Stealth
 + Level 18.5 Shields
 + Level 3.0 Evocations


You had 10 spell levels left.
You didn't know any spells.
Your spell library contained the following spells:

 Spells                   Type           Power      Damage    Failure   Level
 Hailstorm                Conj/Ice       0%         3d3       100%        3
 Summon Ice Beast         Ice/Summ       0%         N/A       100%        4
 Simulacrum               Ice/Necr       0%         N/A       100%        6
 Haunt                    Necr/Summ      0%         N/A       100%        7
 Borgnjor's Revivificati  Necr           0%         N/A       100%        8
 Death's Door             Necr           0%         N/A       100%        9


Dungeon Overview and Level Annotations

Branches:
Dungeon (1/1)

Altars:
Ashenzari
Cheibriados
Dithmenos
Elyvilon
Fedhas
Gozag
Hepliaklqana
Kikubaaqudgha
Makhleb
Nemelex Xobeh
Okawaru
Qazlal
Ru
Sif Muna
Trog
Uskayaw
Vehumet
Wu Jian
Xom
Yredelemnul
Zin
The Shining One
Jiyva
Lugonu

Annotations:
D 1 transporter


Innate Abilities, Weirdness & Mutations

You cannot be hasted, slowed, berserked, paralysed or teleported.
You can dig through walls and to a lower floor.
You have a pair of large antennae on your head. (SInv)
Your four strong arms can wield two-handed weapons with a shield.


Message History

You block the shard of ice.
PTOANNNG!
You closely miss the deep elf knight.
The deep elf knight is severely wounded.
The deep elf knight is no longer moving quickly.
The deep elf knight casts a spell at you.
The shard of ice hits you!
The deep elf knight hits you but does no damage.
You miss the deep elf knight.
The deep elf knight is severely wounded.
The deep elf knight shoots an arrow.
GONNNNG!
You block the arrow. You block the deep elf knight's attack.
BOUMMMMG!
The deep elf knight casts a spell at you.
You block the shard of ice.
GONNNNG!
You slash the deep elf knight!
The deep elf knight is almost dead.
The deep elf knight shoots an arrow.
GONNNNG!
You block the arrow.
The deep elf knight gestures wildly while chanting.
The deep elf knight seems to speed up.
You closely miss the deep elf knight.
The deep elf knight is almost dead.
The deep elf knight points at you and mumbles some strange words.
The shard of ice hits you!!
* * * LOW HITPOINT WARNING * * *
You block the deep elf knight's attack.
PANG!
The deep elf knight shoots an arrow.
GONNNNG!
You block the arrow.
The deep elf knight hits you but does no damage.
You slash the deep elf knight!
You kill the deep elf knight!
The Council accepts your kill.
The deep elf knight shoots an arrow.
The arrow hits you!
You die...

▓..8©8..▓
{{{
▓..)!"..▓
{{
▓..|=[..▓
▓.......▓
▓.......▓
▓....e..▓
▓.......▓
▓.▓)).▓.▓
▓...e@).▓
▓▓▓▓▓▓▓▓▓
{


{{{{{ { {{{ You could see a deep elf knight (fast, invisible) and a friendly
deep elf archer (charmed, repels missiles).

Vanquished Creatures
  3 dancing weapons (D)
  A thrashing horror (D)
  2 deep elf knights (D)
  A wretched star (D)
  A deep elf archer (D)
  2 toenail golems (D)
  A naga mage (D)
  An air elemental (D)
  2 water elementals (D)
  A chaos spawn (D)
  A naga (D)
  A water moccasin (D)
  A crimson imp (D)
  2 quasits (D)
  An adder (D)
  2 shadow imps (D)
  2 white imps (D)
  An ufetubus (D)
  2 ball pythons (D)
28 creatures vanquished.

Notes
Turn   | Place    | Note
-------+----------+-------------------------------------------
     0 | D        | fingers the Formicid Fighter began the quest for the Orb.
     0 | D        | Reached XP level 1. HP: 18/18 MP: 1/1
     0 | D        | Found a shimmering blue altar of Sif Muna.
     0 | D        | Found a bloodstained altar of Trog.
     0 | D        | Found a sacrificial altar of Ru.
     0 | D        | Found a stormy altar of Qazlal.
     0 | D        | Found an iron altar of Okawaru.
     1 | D        | Found a sparkling altar of Nemelex Xobeh.
     1 | D        | Found a blossoming altar of Fedhas.
     1 | D        | Found the +6 Majin-Bo {spellvamp, MP+6 Int+6}
     1 | D        | Found the +27 heavy crossbow "Sniper" {heavy, Acc+∞ SInv}
     1 | D        | Found the +10 dark maul {heavy}
     1 | D        | Found the +15 Maxwell's patent armour {-Cast -Tele rElec
                  | Will+ rCorr}
     1 | D        | Found the +18 shield of the Gong {Loud rN+ Will+ rCorr
                  | EV-5}
     1 | D        | Found the +16 obsidian axe {drain, demonic, Mesm Drain Fly
                  | SInv}
     1 | D        | Found the +7 great mace "Firestarter" {flame, immolate,
                  | rFlCloud rF++}
     1 | D        | Found the +6 shillelagh "Devastator" {shatter}
     1 | D        | Found the +11 plutonium sword {Contam Stlth-}
     1 | D        | Found the +8 lance "Wyrmbane" {slay drac, rPois rF+ rC+
                  | AC+3}
     1 | D        | Found the +9 sword of Zonguldrok {reap}
     1 | D        | Found the +13 scythe of Curses {drain, curses, Drain}
     1 | D        | Found the +9 sword of Power {lifebolt}
     1 | D        | Found the +7 mace of Variability {chaos, chaos arc}
     1 | D        | Found the +11 Singing Sword {sonic wave}
     1 | D        | Found the +8 storm bow {elec, penet}
     3 | D        | Found a transporter.
     3 | D        | Found an ancient bone altar of Kikubaaqudgha.
     3 | D        | Found a viscous altar of Jiyva.
     3 | D        | Found a corrupted altar of Lugonu.
     3 | D        | Found a hazy altar of Hepliaklqana.
     3 | D        | Found a burning altar of Makhleb.
     3 | D        | Found an opulent altar of Gozag.
    61 | D        | Became a worshipper of the Wu Jian Council
    88 | D        | Entered arena 2.
    88 | D        | Noticed a toenail golem
    88 | D        | Noticed a toenail golem
    88 | D        | Found a transporter.
   103 | D        | Killed a toenail golem
   104 | D        | Reached skill level 11 in Shields
   104 | D        | Reached XP level 2. HP: 30/31 MP: 2/2
   104 | D        | Reached XP level 3. HP: 35/36 MP: 3/3
   104 | D        | Reached XP level 4. HP: 42/43 MP: 4/4
   104 | D        | Reached XP level 5. HP: 47/48 MP: 5/5
   104 | D        | Reached XP level 6. HP: 54/55 MP: 6/6
   110 | D        | Killed a toenail golem
   111 | D        | Reached skill level 12 in Shields
   111 | D        | Reached XP level 7. HP: 62/63 MP: 7/7
   122 | D        | Entered arena 3.
   122 | D        | Noticed a thrashing horror
   122 | D        | Noticed a wretched star
   122 | D        | Found a transporter.
   132 | D        | Reached * piety under Wu Jian
   138 | D        | Killed a wretched star
   139 | D        | Reached skill level 14 in Shields
   139 | D        | Reached XP level 8. HP: 9/56 MP: 8/8
   147 | D        | Killed a thrashing horror
   148 | D        | Reached skill level 10 in Armour
   148 | D        | Reached skill level 1 in Dodging
   148 | D        | Reached skill level 15 in Shields
   148 | D        | Reached XP level 9. HP: 29/70 MP: 9/9
   287 | D        | Got the ring "Dohawy" {EV+5 Slay+2}
   291 | D        | Entered arena 4.
   291 | D        | Found the ring of the Tortoise {AC+8}
   291 | D        | Found a transporter.
   295 | D        | Reached ** piety under Wu Jian
   306 | D        | Reached *** piety under Wu Jian
   378 | D        | Entered arena 5.
   378 | D        | Found a transporter.
   383 | D        | Reached **** piety under Wu Jian
   396 | D        | Entered arena 6.
   396 | D        | Noticed a +1 heavy battleaxe
   396 | D        | Noticed a deep elf archer
   396 | D        | Noticed a +3 trident of venom
   396 | D        | Found a transporter.
   398 | D        | Killed a deep elf archer
   399 | D        | Reached skill level 10 in Fighting
   399 | D        | Reached skill level 16 in Shields
   401 | D        | Reached skill level 1 in Evocations
   403 | D        | Reached XP level 10. HP: 60/86 MP: 10/10
   409 | D        | Killed a +1 heavy battleaxe
   416 | D        | Killed a +3 trident of venom
   416 | D        | Reached ***** piety under Wu Jian
   417 | D        | Reached skill level 17 in Shields
   662 | D        | Entered arena 7.
   662 | D        | Noticed a naga mage
   664 | D        | Killed a naga mage
   665 | D        | Found a transporter.
   688 | D        | Entered arena 8.
   688 | D        | Noticed a deep elf archer
   688 | D        | Noticed a deep elf knight
   688 | D        | Noticed a +2 battleaxe of freezing
   688 | D        | Noticed a deep elf knight
   688 | D        | Noticed a deep elf knight
   692 | D        | Found a transporter.
   700 | D        | Killed a deep elf knight
   701 | D        | Reached skill level 18 in Shields
   706 | D        | Killed a +2 battleaxe of freezing
   707 | D        | Reached XP level 11. HP: 36/93 MP: 11/11
   726 | D        | HP: 1/93 [deep elf knight/shard of ice (28)]
   727 | D        | Killed a deep elf knight
   727 | D        | Reached ****** piety under Wu Jian
   727 | D        | Shot with an arrow by a deep elf knight

Illustrated notes

Levels and vault maps discovered:
D:        sprint_v [room_start, room_1, room_2, room_3, room_4, room_5, room_6,
          room_7, room_8, room_9, room_10, room_11, room_12, room_13, room_14,
          room_15, room_16, room_17, room_18, room_19, room_20, room_21,
          room_22, room_23, room_24, room_25, room_26, room_27]

Skill      XL: |  1  2  3  4  5  6  7  8  9 10 |
---------------+-------------------------------+-----
Fighting       | 7 8 9 10 11 | 11.5
Long Blades    | 6 8 9 11 12 14 | 14.8
Armour         | 8 9 10 11 | 11.9
Shields        | 11 12 14 15 16 18 | 18.5
Dodging        | 1 |  1.5
Evocations     | 1 3 |  3.0
Stealth        | |  0.9

Action                     |  1- 3 |  4- 6 |  7- 9 | 10-12 || total
---------------------------+-------+-------+-------+-------++-------
  Melee: Great sword       |    13 |     6 |    42 |    46 ||   107
Ability: Whirlwind         |       |       |     4 |    10 ||    14
         Lunge             |       |       |     2 |     2 ||     4
  Evoke: Lightning rod     |       |       |     3 |     4 ||     7
         Wand              |       |       |       |     3 ||     3
    Use: Potion            |     2 |       |     3 |     8 ||    13
         Scroll            |       |       |     1 |     1 ||     2
 Armour: Plate armour      |    17 |     2 |    68 |    47 ||   134
  Dodge: Dodged            |       |       |     8 |     3 ||    11
  Block: Kite shield       |    29 |     6 |    96 |   113 ||   244

Table legend: (Time is in decaauts)
 A = Elapsed time spent in this place.
 B = Non-inter-level travel time spent in this place.
 C = Inter-level travel time spent in this place.
 D = Time resting spent in this place.
 E = Time spent auto-exploring this place.
 F = Levels seen in this place.
 G = Mean time per level.
                   A        B        C        D        E       F      G
               +--------+--------+--------+--------+--------+-----+--------+
         Total |    746 |    746 |      0 |      0 |    433 |   1 |  746.0 |
       Dungeon |    746 |    746 |      0 |      0 |    433 |   1 |  746.0 |
               +--------+--------+--------+--------+--------+-----+--------+

Top non-repeatable levels by time:
       D: 746 daAuts
